 Dungeon Crawl Stone Soup version 0.27-a0-1202-ge72e49191c (webtiles) character file.

Game seed: 3971212777276367911

2436 robertstho the Grappler (level 9, -1/87 HPs)
             Began as a Troll Berserker on June 2, 2021.
             Was a Priest of Trog.
             Shot with an arrow by a centaur (8 damage)
             ... on level 7 of the Dungeon.
             The game lasted 00:06:50 (4010 turns).

robertstho the Grappler (Troll Berserker)           Turns: 4010, Time: 00:06:52

Health: -1/87      AC:  7    Str: 28    XL:     9   Next: 24%
Magic:  8/8        EV: 10    Int:  5    God:    Trog [***...]
Gold:   237        SH:  0    Dex:  9    Spells: 8/8 levels left

rFire    . . .     SeeInvis +     - Unarmed
rCold    . . .     Faith    .   (no shield)
rNeg     . . .     Spirit   .   a - +0 animal skin
rPois    .         Reflect  .   (helmet restricted)
rElec    .         Harm     .   f - +2 cloak
rCorr    .         Rampage  .   (gloves unavailable)
Will     ++...                  (boots unavailable)
Stlth    +.........             (no amulet)
HPRegen  2.24/turn              i - ring of see invisible
MPRegen  0.11/turn              (no ring)

@: strong-willed, on berserk cooldown, regenerating, slowed, very slow
A: large, unfitting armour, claws 3, regeneration 1, shaggy fur 1, tough skin 1
a: Renounce Religion, Berserk, Trog's Hand


You were on level 7 of the Dungeon.
You worshipped Trog.
Trog was most pleased with you.
You visited 1 branch of the dungeon, and saw 7 of its levels.

You collected 237 gold pieces.

Inventory:

Missiles
 j - a throwing net
Armour
 a - a +0 animal skin (worn)
 f - a +2 cloak (worn)
Jewellery
 i - a ring of see invisible (left claw)
Wands
 m - a wand of flame (27)
 n - a wand of paralysis (14)
 y - a wand of acid (7)
Scrolls
 b - 5 scrolls of teleportation {unknown}
 c - a scroll of brand weapon
 d - 2 scrolls of magic mapping {unknown}
 o - 3 scrolls of immolation {unknown}
 p - a scroll of silence {unknown}
 t - 2 scrolls of identify
 v - a scroll of amnesia {unknown}
 x - a scroll of enchant weapon {unknown}
Potions
 e - a potion of attraction
 g - 3 potions of curing
 h - a potion of cancellation {unknown}
 k - 2 potions of mutation {unknown}
 l - a potion of lignification
 q - a potion of haste {unknown}
 r - a potion of brilliance {unknown}
 s - a potion of flight {unknown}
 u - a potion of might {unknown}
 w - a potion of heal wounds {unknown}


   Skills:
 * Level 4.8 Fighting
 + Level 4.5 Dodging
 + Level 0.7 Stealth
 * Level 10.7 Unarmed Combat


You had 8 spell levels left.
You didn't know any spells.
Your spell library was empty.

Dungeon Overview and Level Annotations

Branches:
Dungeon (8/15)
 Temple: D:4-7         Lair: D:8-11

Altars:
Ashenzari
Hepliaklqana
Sif Muna
Vehumet
Wu Jian

Shops:
D:2 (


Innate Abilities, Weirdness & Mutations

You are too large for most types of armour.
You have claws for hands.
Your natural rate of healing is unusually fast.
You are covered in fur. (AC +1)
You have tough skin. (AC +1)


Message History

You scratch the steam dragon.
The steam dragon is lightly wounded.
You are no longer berserk.
You are exhausted.
You feel yourself slow down.
You hear a shout!
The steam dragon bites you!
The steam dragon claws you but does no damage.
You closely miss the steam dragon.
The steam dragon is lightly wounded.
The steam dragon breathes steam at you. The ball of steam hits you!!
You hear a bark!
You hear an angry hiss.
You closely miss the steam dragon. Your claw misses the steam dragon.
The steam dragon is lightly wounded.
You are engulfed in a cloud of scalding steam.
The steam dragon barely misses you. The steam dragon closely misses you.
You closely miss the steam dragon.
The steam dragon is lightly wounded.
You are engulfed in a cloud of scalding steam.
A centaur comes into view.
The steam dragon bites you. The steam dragon barely misses you.
The centaur wields a +3 vorpal shortbow.
The centaur shoots an arrow.
The arrow hits you!
Your skin crawls.
You feel strong-willed.
The centaur shoots an arrow.
The arrow barely misses you.
The steam dragon bites you but does no damage.
The steam dragon claws you. The steam dragon breathes steam at you.
The ball of steam hits you!
* * * LOW HITPOINT WARNING * * *
You hear an angry hiss.
You feel better.
You are engulfed in a cloud of scalding steam.
* * * LOW HITPOINT WARNING * * *
The centaur shoots an arrow.
The arrow hits you!
* * * LOW HITPOINT WARNING * * *
x2 The centaur shoots an arrow.
The arrow hits you!
You die...

... ... .. #### ...
..### ####.... ... ..
....## #......
.......##...# ##....
### .......#....#
#...###)?
............###.c##c.#
.....).........ยง.#l.#
<.............#.@#)#
..............#.#D#
................#)#
................#..
................##..
##.......#.......####
####.....##..##....
.###.....#....#.....
..............######


You could see a steam dragon (catching breath) and a centaur.

Vanquished Creatures
  An unseen horror (D:7)
  A wyvern (D:8)
  Eustachio (D:4)
  2 water moccasins (D:7)
  2 black bears
  An orc warrior (D:8)
  2 necrophages
  An ice beast (D:8)
  3 ogres
  A centaur (D:7)
  A bullfrog (D:7)
  A scorpion (D:7)
  A water moccasin skeleton (D:4)
  A centaur zombie (D:8)
  3 hounds
  3 bullfrog skeletons (D:5)
  An orc priest (D:5)
  A gnoll shaman (D:7)
  Crazy Yiuf (D:2)
  5 orc wizards
  A killer bee zombie (D:5)
  7 gnolls
  3 adders
  A white imp (D:5)
  An adder skeleton (D:4)
  A worm (D:3)
  2 dart slugs
  20 orcs
  6 ball pythons
  6 endoplasms
  A giant cockroach (D:1)
  5 goblins
  4 hobgoblins
  4 jackals (D:1)
  8 kobolds
  5 quokkas
  5 bats
  3 frilled lizards
  5 rats
121 creatures vanquished.

Notes
Turn   | Place    | Note
-------+----------+-------------------------------------------
     0 | D:1      | robertstho the Troll Berserker began the quest for the Orb.
     0 | D:1      | Reached XP level 1. HP: 22/22 MP: 0/0
   220 | D:1      | Reached XP level 2. HP: 29/29 MP: 1/1
   739 | D:1      | Reached XP level 3. HP: 36/36 MP: 2/2
   876 | D:1      | Reached ** piety under Trog
  1149 | D:2      | Reached skill level 4 in Unarmed Combat
  1151 | D:2      | Reached XP level 4. HP: 45/45 MP: 3/3
  1302 | D:2      | Found Topoluk's Antique Weapon Shop.
  1329 | D:2      | Found a runed translucent door.
  1330 | D:2      | Noticed Crazy Yiuf
  1335 | D:2      | Killed Crazy Yiuf
  1474 | D:3      | Found an ornate altar of the Wu Jian Council.
  2085 | D:4      | Reached XP level 5. HP: 52/53 MP: 4/4
  2131 | D:4      | Found a hazy altar of Hepliaklqana.
  2199 | D:4      | Reached skill level 5 in Unarmed Combat
  2234 | D:4      | Noticed Eustachio
  2253 | D:4      | Killed Eustachio
  2254 | D:4      | Reached XP level 6. HP: 52/61 MP: 5/5
  2436 | D:4      | Reached skill level 6 in Unarmed Combat
  2675 | D:5      | Entered Level 5 of the Dungeon
  2793 | D:5      | Reached XP level 7. HP: 44/67 MP: 6/6
  2861 | D:5      | Reached skill level 7 in Unarmed Combat
  2862 | D:5      | Reached *** piety under Trog
  2940 | D:5      | Found a shimmering blue altar of Sif Muna.
  3119 | D:5      | You fall into a shaft and drop 3 floors!
  3120 | D:8      | Noticed a wyvern
  3132 | D:8      | Killed a wyvern
  3133 | D:8      | Reached skill level 8 in Unarmed Combat
  3133 | D:8      | Reached XP level 8. HP: 37/78 MP: 7/7
  3171 | D:8      | Found a radiant altar of Vehumet.
  3658 | D:8      | Found a broken altar of Ashenzari.
  3687 | D:8      | Reached skill level 9 in Unarmed Combat
  3791 | D:8      | Noticed a two-headed ogre
  3793 | D:8      | Noticed a centaur warrior
  3799 | D:8      | Noticed a raiju
  3802 | D:8      | a raiju changed into a human
  3990 | D:7      | Noticed an unseen horror
  3992 | D:7      | Reached skill level 10 in Unarmed Combat
  3994 | D:7      | Killed an unseen horror
  3995 | D:7      | Reached XP level 9. HP: 85/85 MP: 8/8
  4010 | D:7      | Shot with an arrow by a centaur

Illustrated notes

Levels and vault maps discovered:
D:1:      nicolae_arrival_somewhat_less_tricky_arrival, layout_basic
D:2:      layout_rooms, serial_shops, shop, supply_closet_lemuel,
          uniq_crazy_yiuf_cottage
D:3:      layout_basic, old_standard_altar, small_statue_alley_b,
          hangedman_glass_teeth, skrybe_limestone_x, lightli_corner_chamber
D:4:      layout_layer_cave, worldfamousw_hep_ancestral_shrine,
          chequers_arboretum, uniq_eustachio
D:5:      layout_gridville, nicolae_sif_muna_little_library
D:7:      layout_cave_pools, roderic_batcave, minmay_alternating_orb
D:8:      minmay_bloctagon_deflated, layout_layer_cave,
          nicolae_vehumet_radiance, nicolae_ashenzari_skybound, serial_rivers,
          chequers_serial_rivers_small_3, chequers_serial_rivers_micro_b,
          chequers_serial_rivers_large_a, chequers_serial_rivers_small_b,
          chequers_serial_rivers_small_a, chequers_serial_rivers_small_3

Skill      XL: |  1  2  3  4  5  6  7  8 |
---------------+-------------------------+-----
Fighting       | 3 4 |  4.8
Unarmed Combat | 4 5 6 8 10 | 10.7
Dodging        | 3 4 |  4.5
Stealth        | |  0.7

Action                   |  1- 3 |  4- 6 |  7- 9 || total
-------------------------+-------+-------+-------++-------
Melee: Unarmed           |    84 |   132 |   149 ||   365
       Punch             |       |     3 |     6 ||     9
Invok: Berserk           |     1 |     2 |     4 ||     7
       Trog's Hand       |       |       |     1 ||     1
  Use: Scroll            |       |     4 |       ||     4
       Potion            |       |       |     2 ||     2
 Stab: Sleeping          |     1 |       |       ||     1
Armor: Animal skin       |    40 |    74 |    59 ||   173
Dodge: Dodged            |    48 |    64 |    81 ||   193

Table legend: (Time is in decaauts)
 A = Elapsed time spent in this place.
 B = Non-inter-level travel time spent in this place.
 C = Inter-level travel time spent in this place.
 D = Time resting spent in this place.
 E = Time spent auto-exploring this place.
 F = Levels seen in this place.
 G = Mean time per level.
                   A        B        C        D        E       F      G
               +--------+--------+--------+--------+--------+-----+--------+
         Total |   4027 |   3880 |    147 |     52 |   3067 |   7 |  575.3 |
       Dungeon |   4027 |   3880 |    147 |     52 |   3067 |   7 |  575.3 |
               +--------+--------+--------+--------+--------+-----+--------+

Top non-repeatable levels by time:
     D:1: 947 daAuts
     D:8: 696 daAuts
     D:4: 685 daAuts
     D:3: 573 daAuts
     D:2: 474 daAuts
     D:5: 456 daAuts
     D:7: 194 daAuts
